 Dungeon Crawl Stone Soup version 0.30.1 (webtiles) character file.

Game seed: 10570926851330975232

8 jtron the Magician (level 2, -1/23 HPs)
             Began as a Gnoll Wanderer on July 4, 2023.
             Slain by a quokka (5 damage)
             ... on level 1 of the Dungeon.
             The game lasted 00:00:34 (144 turns).

jtron the Magician (Gnoll Wanderer)                  Turns: 144, Time: 00:00:36

Health: -1/23      AC:  2    Str: 11    XL:     2   Next: 8%
Magic:  7/7        EV: 11    Int: 11    God:
Gold:   0          SH:  0    Dex: 11    Spells: 9/10 levels left

rFire   . . .        a - +0 hand axe
rCold   . . .        (no shield)
rNeg    . . .        d - +0 robe
rPois   .            (no helmet)
rElec   .            (no cloak)
rCorr   .            (no gloves)
SInv    .            (no boots)
Will    .....        (no amulet)
Stlth   +            (no ring)
HPRegen 0.23/turn    (no ring)
MPRegen 0.10/turn

%: no passive effects
@: lethally poisoned (-1 -> -5)
A: fangs 1, strong nose, distributed training
a: no special abilities


You were on level 1 of the Dungeon.
You visited 1 branch of the dungeon, and saw 1 of its levels.

Inventory:

Hand Weapons
 a - a +0 hand axe (weapon)
Missiles
 g - 3 poisoned darts
Armour
 d - a +0 robe (worn)
Wands
 b - a wand of polymorph (7)
Scrolls
 c - a scroll of teleportation
Potions
 e - a potion of curing {unknown}
 f - a potion of degeneration {unknown}


   Skills:
 + Level 2.4 Fighting
 + Level 0.3 Short Blades
 + Level 0.3 Long Blades
 + Level 2.4 Axes
 + Level 0.3 Maces & Flails
 + Level 0.3 Polearms
 + Level 0.3 Staves
 + Level 0.3 Ranged Weapons
 + Level 0.3 Throwing
 + Level 2.4 Armour
 + Level 0.3 Dodging
 + Level 0.3 Stealth
 + Level 0.3 Shields
 + Level 0.3 Unarmed Combat
 + Level 4.9 Spellcasting
 + Level 0.2 Conjurations
 + Level 0.2 Hexes
 + Level 0.2 Summonings
 + Level 0.2 Necromancy
 + Level 0.2 Translocations
 + Level 0.2 Transmutations
 + Level 3.7 Fire Magic
 + Level 0.2 Ice Magic
 + Level 0.2 Air Magic
 + Level 0.2 Earth Magic
 + Level 0.2 Poison Magic
 + Level 2.5 Invocations
 + Level 4.4 Evocations


You had 9 spell levels left.
You knew the following spells:

 Your Spells              Type           Power      Damage    Failure   Level
a - Foxfire               Conj/Fire      28%        2x1d5     10%         1

Your spell library contained the following spells:

 Spells                   Type           Power      Damage    Failure   Level
 Ignite Poison            Fire/Tmut/Pois 5%         N/A       36%         3
 Sticky Flame             Conj/Fire      7%         2d3       67%         4


Dungeon Overview and Level Annotations

Branches:
Dungeon (1/15)

Altars:


Innate Abilities, Weirdness & Mutations

You have very sharp teeth.
Your uncanny sense of smell can sniff out nearby items.
Your experience applies equally to all skills.


Message History

You are too injured to fight recklessly!
You are too injured to fight recklessly!
You are too injured to fight recklessly!
You are too injured to fight recklessly!
The bat attacks as you move away! The bat hits you.
The bat hits you but does no damage.
You see here a rat corpse.
The bat closely misses you. The bat misses you. The bat hits you.
You see here a ball python corpse.
You are too injured to fight recklessly!
You are too injured to fight recklessly!
You are too injured to fight recklessly!
You are too injured to fight recklessly!
You are too injured to fight recklessly!
You are too injured to fight recklessly!
You are too injured to fight recklessly!
You are too injured to fight recklessly!
You are too injured to fight recklessly!
You are too injured to fight recklessly!
The quokka bites you. The bat hits you but does no damage.
The quokka barely misses you.
You see here a ball python corpse.
You closely miss the quokka. You hit the bat.
The bat hits you but does no damage. The bat barely misses you.
The quokka closely misses you.
You hit the quokka.
The quokka is almost dead.
The bat closely misses you. The quokka closely misses you.
The kobold hits you with a +1 dagger of venom.
* * * LOW HITPOINT WARNING * * *
You are lethally poisoned!
You hit the quokka but do no damage.
The quokka is almost dead.
You hit the kobold but do no damage.
* * * LOW HITPOINT WARNING * * *
You feel sick. The bat misses you. The quokka barely misses you.
The quokka bites you.
You die...

..... ..# ... ..#####
#.##.......
#.##..........
###...[†##......
.....##.##......
###.(##.....####
#...Kr##### ###
#....@....# ##<#
##........# ##..#
#.###....b...# #...#
##...)........#
##...###.............####
#.....∩#....#............
#......#....#............
∩.....##....#............
∩.....##....#.........##


You could see a quokka, a bat and a kobold.

Vanquished Creatures
  A bat (D:1)
  An endoplasm (D:1)
  A hobgoblin (D:1)
  2 ball pythons (D:1)
  3 rats (D:1)
8 creatures vanquished.

Notes
Turn   | Place    | Note
-------+----------+-------------------------------------------
     0 | D:1      | jtron the Gnoll Wanderer began the quest for the Orb.
     0 | D:1      | jtron set off with the following items: a +0 hand axe, a
                  | wand of polymorph (7), a scroll of teleportation, a +0
                  | robe; and the following spell memorised: Foxfire; and the
                  | following spells available to memorise: Ignite Poison,
                  | Sticky Flame.
     0 | D:1      | Reached XP level 1. HP: 17/17 MP: 6/6
   117 | D:1      | Reached XP level 2. HP: 12/23 MP: 7/7
   144 | D:1      | Slain by a quokka

Illustrated notes

Levels and vault maps discovered:
D:1:      amcnicky_arrival_abandoned_market, layout_basic, serial_shops,
          nicolae_shop_rolling_square,
          dreamdust_ecumenical_altar_hidden_monk_grotto, minmay_tetromino_o4

Action                     || total
---------------------------++-------
  Melee: Hand axe          ||    29
         Bite              ||     1
 Armour: Robe              ||    14
  Dodge: Dodged            ||    33
